cohdb
Replays
Latest Replays
All Replays
Popular Replays
Top Player Replays
Match Explorer
How It Works
Community
CoH3 Stats
Reddit
Sign in to upload your games and track your stats! →
Sign in with Steam
Match 46275914
Unlisted
Match 46275914
Overview
Messages
Build Orders
End
Pioneer Squad
Construct Infanterie Kompanie
Grenadier Squad
Grenadier Squad
MG 42 Machine Gun Team
Construct Panzergrenadier Kompanie
Panzergrenadier Squad
Medical Station
Selects Breakthrough Battlegroup
Selects Assault Grenadiers
Selects Rapid Production
Pak 40 Anti-tank Gun Team
Selects Breakthrough
Panzergrenadier Squad
Support Elements
Nebelwerfer 42 Rocket Launcher Team
StuG III G Assault Gun
Panzergrenadier Officer Quarters
sw
Auxiliary Priest
DebaKLeTV
[NiP] SimplyBest
0
0
Comments
sign in to comment!
No comments posted yet!